 Dungeon Crawl Stone Soup version 0.18-a0-19-g8b99b3a (webtiles) character file.

233 Raultor the Shield-Bearer (level 6, 0/37 HPs)
             Began as a Gargoyle Fighter on Nov 1, 2015.
             Slain by an ice beast (3 damage)
             ... on level 3 of the Dungeon.
             The game lasted 00:05:06 (1996 turns).

Raultor the Shield-Bearer (Gargoyle Fighter)        Turns: 1996, Time: 00:05:06

Health: 0/37       AC: 12    Str: 21    XL:     6   Next: 4%
Magic:  6/6        EV:  7    Int:  8    God:
Gold:   134        SH: 10    Dex: 10    Spells: 0 memorised, 5 levels left

rFire  . . .     SeeInvis .     a - +0 flail
rCold  . . .     Clarity  .     b - +0 scale mail
rNeg   + . .     SustAt   .     c - +0 shield
rPois  ∞         Gourm    .     (no helmet)
rElec  +         Spirit   .     p - +0 cloak
rCorr  .         Warding  .     (no gloves)
rMut   .         Stasis   .     (no boots)
MR     .....                    (no amulet)
Stlth  ..........               (no ring)
                                (no ring)

@: not resistant to hostile enchantments, extremely unstealthy
A: negative energy resistance 1, electricity resistance, unbreathing,
petrification resistance, rot immunity, AC +4
a: no special abilities


You were on level 3 of the Dungeon.
You were not hungry.

You visited 1 branch of the dungeon, and saw 3 of its levels.

You collected 134 gold pieces.

Inventory:

Hand Weapons
 a - a +0 flail (weapon)
Missiles
 j - 6 tomahawks (quivered)
Armour
 b - a +0 scale mail (worn)
 c - a +0 shield (worn)
 p - a +0 cloak (worn)
Jewellery
 r - an uncursed ring of magical power {unknown}
 v - an uncursed ring of protection from cold {unknown}
Scrolls
 f - 2 scrolls of teleportation {unknown}
 g - 3 scrolls of enchant weapon {unknown}
 m - a scroll of magic mapping {unknown}
 n - a scroll of remove curse {unknown}
 s - a scroll of enchant armour {unknown}
 t - a scroll of recharging {unknown}
 u - a scroll of amnesia {unknown}
 y - a scroll of fear {unknown}
Potions
 d - a potion of might
 h - a potion of experience {unknown}
 k - a potion of curing {unknown}
 l - a potion of degeneration {unknown}
 o - a potion of heal wounds {unknown}
 w - a potion of haste {unknown}
 x - a potion of cancellation {unknown}
 z - a potion of magic {unknown}
Comestibles
 e - 4 bread rations
 i - 3 chunks of flesh
 q - a meat ration


   Skills:
 - Level 3.2 Fighting
 * Level 4.1 Maces & Flails
 + Level 4.4 Armour
 + Level 5.1 Shields


You had 5 spell levels left.
You didn't know any spells.

Dungeon Overview and Level Annotations

Branches:
Dungeon (3/15)

Altars:
Nemelex Xobeh


Innate Abilities, Weirdness & Mutations

You are resistant to torment.
Your stone body is resilient (AC +4).
You are immune to poison.
You resist negative energy.
You are resistant to electric shocks.
You can survive without breathing.
You are immune to petrification.
You are immune to rotting.


Message History

You barely miss the ice beast.
The ice beast is heavily wounded.
The ice beast hits you but does no damage.
The kobold closely misses you. The ice beast completely misses you.
You hit the ice beast but do no damage.
The ice beast is heavily wounded.
The kobold barely misses you. The ice beast hits you.
* * * LOW HITPOINT WARNING * * *
The ice beast freezes you!
* * * LOW HITPOINT WARNING * * *
You are too injured to fight recklessly!
You barely miss the kobold. The kobold barely misses you.
You closely miss the kobold. You block the kobold's attack.
You hit the kobold.
You kill the kobold!
You block the ice beast's attack.
You closely miss the ice beast.
The ice beast is moderately wounded.
The ice beast hits you.
You die...

#(# .########..#.##.#
#.##.#.[............#
#..#.#.....>.#......##
##.#.#.......#.#.##.#.
#.###.#.#.......#.#)##.#.
#.....(.#.......#.#....#.
#####.###......)#.###..#.
######.###.......#......#.
#.......Y@######(#####.##.
#.############ #.(........
#.....(.#########.###
#.⌠.⌠.⌠.#.## #.#
#......[#..## #.#
#>....)...#.#####.#
#......[####......###
#.⌠.⌠.⌠.###.#######..
#.......##.## #.#


You could see an ice beast.

Vanquished Creatures
  Crazy Yiuf (D:2)
  An orc priest (D:3)
  Ijyb (D:2)
  A hound skeleton (D:3)
  5 adders
  3 oozes
  3 giant geckos
  12 orcs (D:3)
  7 bats
  2 giant cockroaches
  5 hobgoblins
  2 quokkas (D:2)
  3 giant newts
  4 goblins
  8 jackals
  6 kobolds
  8 rats
72 creatures vanquished.

Notes
Turn   | Place    | Note
--------------------------------------------------------------
     0 | D:1      | Raultor the Gargoyle Fighter began the quest for the Orb.
     0 | D:1      | Reached XP level 1. HP: 14/14 MP: 1/1
   144 | D:1      | Reached XP level 2. HP: 16/19 MP: 2/2
   607 | D:2      | Reached XP level 3. HP: 18/23 MP: 3/3
   995 | D:2      | Noticed Crazy Yiuf
  1001 | D:2      | Killed Crazy Yiuf
  1001 | D:2      | Reached skill level 4 in Armour
  1001 | D:2      | Reached XP level 4. HP: 28/28 MP: 4/4
  1067 | D:2      | Noticed Ijyb
  1100 | D:2      | Killed Ijyb
  1144 | D:2      | Reached XP level 5. HP: 29/32 MP: 5/5
  1491 | D:3      | Found a faded altar to an unknown god.
  1657 | D:3      | Reached skill level 5 in Shields
  1754 | D:3      | Reached XP level 6. HP: 23/37 MP: 6/6
  1971 | D:3      | Found a sparkling altar of Nemelex Xobeh.
  1982 | D:3      | HP: 1/37 [ice beast (10)]
  1996 | D:3      | Slain by an ice beast

Vault maps used:
D:1:      lightli_arrival_noodles, corexii_item_surrounded_by_moat, fountainhead
D:2:      first_bread, uniq_iyjb, uniq_crazy_yiuf_cottage
D:3:      ecumenical_altar_2, grunt_ministairs_3,
          nemelex_xobeh_ov_fountains_minmay

Action                   |  1- 3 |  4- 6 || total
-------------------------+-------+-------++-------
Melee: Flail             |   131 |   189 ||   320
  Eat: Chunk             |     1 |     3 ||     4
